 Dungeon Crawl Stone Soup version 0.17.0-15-g6d90897 (webtiles) character file.

120 dorian the Ruffian (level 5, -1/44 HPs)
             Began as a Naga Transmuter on Nov 10, 2015.
             Was a Follower of Cheibriados.
             Slain by a gnoll
             ... wielding a cursed -1 spear
              (4 damage)
             ... on level 3 of the Dungeon.
             The game lasted 00:05:52 (3414 turns).

dorian the Ruffian (Naga Transmuter)                Turns: 3414, Time: 00:05:53

Health: -1/44      AC:  2    Str: 14    XL:     5   Next: 4%
Magic:  16/17      EV: 10    Int: 17    God:    Cheibriados [*.....]
Gold:   181        SH:  0    Dex: 13    Spells: 2 memorised, 4 levels left

rFire  . . .     SeeInvis +       - Unarmed
rCold  . . .     Clarity  .     b - +0 robe
rNeg   . . .     SustAt   .     (no shield)
rPois  +         Gourm    .     (no helmet)
rElec  .         Spirit   .     (no cloak)
rCorr  .         Warding  .     (no gloves)
rMut   .         Stasis   .     (no barding)
MR     +....                    (no amulet)
Stlth  +.........               w - ring of magical power
                                s - ring of protection from magic

@: short of breath, appendage, very slow, somewhat resistant to hostile
enchantments, very unstealthy
A: horns 2, see invisible, deformed body, poison resistance, slowness 2, slow
metabolism 1, spit poison 2, AC +1
a: Spit Poison, End Transformation, Bend Time, Renounce Religion


You were on level 3 of the Dungeon.
You worshipped Cheibriados.
Cheibriados was aware of your devotion.
You were not hungry.
You had grown temporary horns.
You visited 1 branch of the dungeon, and saw 3 of its levels.

You collected 181 gold pieces.

Inventory:

Hand Weapons
 q - a +0 blowgun
Missiles
 a - 12 arrows
 f - 11 poisoned needles
 p - 3 needles of confusion
Armour
 b - a +0 robe (worn)
Jewellery
 s - a ring of protection from magic (left hand)
 w - a ring of magical power (right hand)
Wands
 u - a wand of disintegration (4)
Scrolls
 e - 2 scrolls of fear {unknown}
 h - 3 scrolls of identify {unknown}
 i - a scroll of recharging {unknown}
 k - a scroll of enchant weapon {unknown}
 l - a scroll of remove curse {unknown}
 x - a scroll of teleportation {unknown}
 y - a scroll of amnesia {unknown}
Potions
 g - a potion of heal wounds {unknown}
 n - a potion of brilliance {unknown}
 t - 2 potions of might {unknown}
 v - a potion of flight {unknown}
Books
 c - a book of Changes

   Spells                             Type                      Level
   a - Beastly Appendage              Transmutation                1
   b - Sticks to Snakes               Transmutation                2
   c - Spider Form                    Transmutation/Poison         3
   d - Ice Form                       Ice/Transmutation            4
   e - Blade Hands                    Transmutation                5
Comestibles
 d - 2 bread rations
 j - 2 meat rations
 m - a beef jerky
 o - a slice of pizza
 r - 5 chunks of flesh


   Skills:
 - Level 1.0 Fighting
 - Level 1.5 Dodging
 + Level 4.3 Unarmed Combat
 - Level 2.0 Spellcasting
 + Level 3.6 Transmutations
 + Level 1.5 Poison Magic


You had 4 spell levels left.
You knew the following spells:

 Your Spells              Type           Power        Failure   Level  Hunger
a - Beastly Appendage     Trmt           ##....       4%          1    #......
b - Spider Form           Trmt/Pois      ##........   21%         3    ###....


Dungeon Overview and Level Annotations

Branches:
Dungeon (3/15)

Altars:
Ashenzari
Cheibriados
Fedhas
Qazlal
Yredelemnul


Innate Abilities, Weirdness & Mutations

You cannot wear boots.
Your serpentine skin is tough (AC +1).
You have supernaturally acute eyesight.
Armour fits poorly on your strangely shaped body.
Your system is resistant to poisons.
You cover ground very slowly.
You have a slow metabolism.
You can spit poison.
You have a pair of horns on your head.


Message History

Your horns disappear.
Things that are here:
a stone; a rat skeleton
Things that are here:
a stone; a dagger; a goblin skeleton A gnoll comes into view.
It is wielding a spear.
You see here a stone.
The gnoll shouts!
The gnoll hits you from afar with a spear.
* * * LOW HITPOINT WARNING * * *
The gnoll misses you.
Press: ? - help, Shift-Dir - straight line, f - gnoll
Aim: a gnoll, wielding a spear The splash of poison hits the gnoll.
The gnoll is moderately wounded.
You feel slightly more hungry. The gnoll misses you.
Casting: Beastly Appendage
Confirm with . or Enter, or press ? or * to list all spells.
You grow a pair of large bovine horns.
The gnoll hits you with a spear.
You die...

#.# ######...... #.# #
#........... #.# #.##...........
#.# #..............
#.##.####...........
######.##................
#(..##.# #####.....####'#
#########...##.#######.....##[...
........+...').g@.(((....####....
.......##...##..............#....
.......##...#############.#.#....
........................)...'....
.......##...#############.#.#....
.......##...# #...#....
.......##...# ##..###'#
#########...# #..# #.# ##### #..#
.#


You could see a gnoll.

Vanquished Creatures
  2 adders (D:2)
  3 gnolls
  3 giant geckos
  3 orcs (D:3)
  9 bats
  5 giant cockroaches
  10 goblins
  9 hobgoblins
  2 ball pythons
  4 giant newts
  9 kobolds
  10 rats
69 creatures vanquished.

Notes
Turn   | Place    | Note
--------------------------------------------------------------
     0 | D:1      | dorian the Naga Transmuter began the quest for the Orb.
     0 | D:1      | Reached XP level 1. HP: 18/18 MP: 3/3
   377 | D:1      | Reached XP level 2. HP: 23/25 MP: 5/5
   779 | D:1      | Reached XP level 3. HP: 23/31 MP: 4/6
  1354 | D:2      | Found a basalt altar of Yredelemnul.
  1772 | D:2      | Reached skill level 4 in Unarmed Combat
  1823 | D:2      | Reached XP level 4. HP: 38/38 MP: 5/7
  2157 | D:2      | Learned a level 3 spell: Spider Form
  2229 | D:2      | Found a shattered altar of Ashenzari.
  2399 | D:2      | Found a stormy altar of Qazlal.
  2420 | D:2      | Found a snail-covered altar of Cheibriados.
  2428 | D:2      | Became a worshipper of Cheibriados the Contemplative
  2477 | D:2      | Found a blossoming altar of Fedhas.
  3097 | D:3      | Reached skill level 1 in Poison Magic
  3100 | D:3      | Reached * piety under Cheibriados
  3396 | D:3      | Reached XP level 5. HP: 4/44 MP: 8/8
  3414 | D:3      | Slain by a gnoll

Action                   |  1- 3 |  4- 6 || total
-------------------------+-------+-------++-------
Melee: Unarmed           |   136 |   115 ||   251
 Cast: Beastly Appendage |     7 |    17 ||    24
 Abil: Spit Poison       |     1 |     5 ||     6
  Use: Potion            |     1 |       ||     1
  Eat: Chunk             |     1 |     6 ||     7
